 Dungeon Crawl Stone Soup version 0.23-a0-704-g7fdf9c5 (webtiles) character file.

273 galech the Skirmisher (level 6, 47/48 HPs)
             Began as a Demonspawn Fighter on Jan 14, 2019.
             Quit the game on level 3 of the Dungeon.
             The game lasted 00:03:05 (2240 turns).

galech the Skirmisher (Demonspawn Fighter)          Turns: 2240, Time: 00:03:05

Health: 47/48      AC:  8    Str: 16    XL:     6   Next: 2%
Magic:  6/6        EV:  7    Int: 10    God:
Gold:   227        SH:  9    Dex: 14    Spells: 5/5 levels left

rFire    . . .     SeeInvis .   a - +0 war axe
rCold    . . .     Gourm    .   c - +0 shield
rNeg     . . .     Faith    .   b - +0 scale mail
rPois    .         Spirit   .   (helmet restricted)
rElec    .         Reflect  .   (no cloak)
rCorr    .         Harm     .   (no gloves)
MR       .....                  q - +0 pair of boots
Stlth    ..........             m - amulet of magic regeneration
HPRegen  0.16/turn              o - ring of attention (curse)
MPRegen  0.35/turn              n - ring of flight

@: mildly poisoned (47 -> 46)
A: antennae 1, claws 1, nightstalker 1, powered by death 2
a: Evoke Flight


You were on level 3 of the Dungeon.
You were not hungry.

You visited 1 branch of the dungeon, and saw 3 of its levels.

You collected 227 gold pieces.

Inventory:

Hand Weapons
 a - a +0 war axe (weapon)
Armour
 b - a +0 scale mail (worn)
 c - a +0 shield (worn)
 q - a +0 pair of boots (worn)
Jewellery
 m - an amulet of magic regeneration (around neck)
 n - a ring of flight (right claw)
 o - a cursed ring of attention (left claw)
 t - an uncursed ring of protection from fire
Wands
 w - a wand of acid (8)
Scrolls
 d - 3 scrolls of immolation {unknown}
 h - 2 scrolls of fog {unknown}
 k - 2 scrolls of teleportation {unknown}
 l - 2 scrolls of identify {unknown}
 p - 4 scrolls of magic mapping {unknown}
 v - a scroll of enchant armour {unknown}
 x - a scroll of remove curse {unknown}
Potions
 e - 2 potions of berserk rage {unknown}
 i - 4 potions of curing {unknown}
 j - 2 potions of heal wounds {unknown}
 r - 2 potions of cancellation {unknown}
 s - a potion of mutation {unknown}
 u - a potion of resistance {unknown}
Comestibles
 f - 3 rations
 g - 15 chunks of flesh


   Skills:
 + Level 3.8 Fighting
 + Level 3.6 Axes
 + Level 3.5 Armour
 + Level 1.2 Dodging
 + Level 0.3 Stealth
 + Level 3.6 Shields


You had 5 spell levels left.
You didn't know any spells.
Your spell library was empty.

Dungeon Overview and Level Annotations

Branches:
Dungeon (3/15)

Altars:
Makhleb


Innate Abilities, Weirdness & Mutations

You have a pair of small antennae on your head.
You have sharp fingernails.
You are slightly more attuned to the shadows.
You regenerate health from kills.


Message History

You feel sick.
x - a scroll labeled MEGOICHO JAAPO
Things that are here:
a +0 mace; a +0 leather armour; an orc corpse You butcher the orc corpse.
g - 11 chunks of flesh (gained 1)
Things that are here:
a +0 mace; a +0 leather armour; an orc skeleton You feel sick.
h - 2 scrolls labeled VYTIMOY YGHOKK (gained 1)
i - 4 grey potions (gained 1)
You now have 227 gold pieces (gained 24).
Things that are here:
a +0 ring mail; a +2 antimagic hand axe; an orc corpse You butcher the orc corpse.
g - 15 chunks of flesh (gained 4)
Things that are here:
a +0 ring mail; a +2 antimagic hand axe; an orc skeleton You feel sick.
Are you sure you want to abandon this character and quit the game? (Confirm with "yes".)

##.##.# #.
#.##.# .#..
#..#.# ....
### ##.#.#
... ..# #...#
####.####.#
##..#
#.........#
#..#
#.....)รท).#
##.##
#.....@.).#
#..#
###.#####.#
#..# ..
##.#### #..#
.# ####.....#
#..#
#........#
#..##
#.##.....#
##..# #.
#.....# #..#
#. #.....#
##.# #.
#...(.#####.#


There were no monsters in sight!

Vanquished Creatures
  2 orc wizards
  An orc priest (D:2)
  A hound (D:2)
  Terence (D:2)
  3 adders (D:3)
  A gnoll (D:1)
  2 worms
  A dart slug (D:1)
  2 leopard geckos
  7 orcs (D:3)
  6 bats
  7 giant cockroaches
  5 goblins
  12 hobgoblins
  9 jackals
  6 frilled lizards
  8 kobolds
  3 rats (D:3)
77 creatures vanquished.

Notes
Turn   | Place    | Note
-------+----------+-------------------------------------------
     0 | D:1      | galech the Demonspawn Fighter began the quest for the Orb.
     0 | D:1      | Reached XP level 1. HP: 18/18 MP: 1/1
   337 | D:1      | Gained mutation: You regenerate a little health from kills.
                  | [demonic ancestry]
   337 | D:1      | Reached XP level 2. HP: 20/24 MP: 2/2
   454 | D:1      | Gained mutation: You are slightly more attuned to the
                  | shadows. [demonic ancestry]
   454 | D:1      | Reached XP level 3. HP: 28/29 MP: 3/3
   976 | D:2      | Noticed Terence
   982 | D:2      | Killed Terence
   982 | D:2      | Gained mutation: You regenerate health from kills. [demonic
                  | ancestry]
   982 | D:2      | Reached XP level 4. HP: 14/35 MP: 4/4
  1556 | D:2      | Found a burning altar of Makhleb.
  1730 | D:2      | Reached skill level 1 in Dodging
  1730 | D:2      | Gained mutation: You have sharp fingernails. [demonic
                  | ancestry]
  1730 | D:2      | Reached XP level 5. HP: 42/42 MP: 5/5
  2226 | D:3      | Gained mutation: You have a pair of small antennae on your
                  | head. [demonic ancestry]
  2226 | D:3      | Reached XP level 6. HP: 47/48 MP: 6/6
  2240 | D:3      | Quit the game

Vault maps used:
D:1:      onia_arrival_pentagram, minivault_23, st_stairs_8
D:2:      makhleb_blood_cavern_becter, first_ration, minmay_distorted,
          uniq_terence
D:3:      marbit_many_paths

Skill      XL: |  1  2  3  4 |
---------------+-------------+-----
Axes           | 2 3 |  3.6
Shields        | 3 |  3.6
Armour         | 3 |  3.5
Dodging        | 1 |  1.2
Fighting       | |  3.8
Stealth        | |  0.3

Action                   |  1- 3 |  4- 6 || total
-------------------------+-------+-------++-------
Melee: War axe           |   123 |   168 ||   291
  Use: Potion            |     1 |       ||     1
 Stab: Distracted        |     1 |       ||     1
  Eat: Chunk             |     1 |     4 ||     5
Armor: Scale mail        |    66 |   106 ||   172
Dodge: Dodged            |    41 |    67 ||   108
Block: Shield            |    66 |    95 ||   161

Table legend:
 A = Non-vault XP
 B = Vault XP
 C = Vault XP percentage of total XP
 D = Non-vault monster count
 E = Vault monster count
 F = Vault count percentage of total count
                 A         B        C        D         E       F
            +---------+---------+-------+---------+---------+-------
      Total |     312 |      78 |  20.0 |      72 |       5 |   6.5
            +---------+---------+-------+---------+---------+-------
        D:1 |      69 |       2 |   2.8 |      29 |       1 |   3.3
        D:2 |     115 |      76 |  39.8 |      19 |       4 |  17.4
        D:3 |     128 |       0 |   0.0 |      24 |       0 |   0.0
            +---------+---------+-------+---------+---------+-------
